PL
CALIFORNIA OCEANLINERS @ BUCKHEAD BOWTIES
09/27/2018
 
TOP OF THE 1ST
California Oceanliners batting - Pitching for Buckhead Bowties : RHP Don Thompson
Pitching: RHP Don Thompson
Batting: LHB Nick Leonard 0-0: Ball
1-0: Ball
2-0: Fly out, F7 (Flyball, 78M)
Batting: LHB Kelly Brown 0-0: Ball
1-0: DOUBLE (Flyball, 9LM)
Batting: RHB Takeru Sanu 0-0: Ball
1-0: DOUBLE (Flyball, 8LXD)
Kelly Brown scores
Batting: LHB Guillermo Martínez 0-0: Ground out 4-3 (Groundball, 4)
Takeru Sanu to third
Batting: LHB Keith Bridges 0-0: Ball
1-0: Called Strike
1-1: Called Strike
1-2: Strikes out swinging
Top of the 1st over - 1 run(s), 2 hit(s), 0 error(s), 1 left on base; California 1 - Buckhead 0
BOTTOM OF THE 1ST
Buckhead Bowties batting - Pitching for California Oceanliners : RHP Yoriyoshi Yamamoto
Pitching: RHP Yoriyoshi Yamamoto
Batting: LHB Neil Lawson 0-0: Ball
1-0: Foul Ball, location: 2F
1-1: Ball
2-1: Fly out, F6 (Popup, 6M)
Batting: RHB John Downing 0-0: Foul Ball, location: 2F
0-1: Ball
1-1: Ball
2-1: Foul Ball, location: 2F
2-2: SINGLE (Groundball, 56)
Batting: LHB Rubén López 0-0: Ball
1-0: Fly out, F9 (Flyball, 9LS)
Batting: LHB Sinclair van Kooten 0-0: Foul Ball, location: 2F
0-1: Ball
1-1: Swinging Strike
1-2: Ball
2-2: Strikes out swinging
Bottom of the 1st over - 0 run(s), 1 hit(s), 0 error(s), 1 left on base; California 1 - Buckhead 0
TOP OF THE 2ND
California Oceanliners batting - Pitching for Buckhead Bowties : RHP Don Thompson
Batting: RHB Dave King 0-0: Ball
1-0: Fly out, F8 (Flyball, 8RD)
Batting: RHB Louis Henderson 0-0: Called Strike
0-1: Called Strike
0-2: SINGLE (Line Drive, 6M)
Batting: SHB Todd Schenkel 0-0: Ball
1-0: Ball
2-0: Called Strike
2-1: Ball
3-1: Base on Balls
Louis Henderson to second
Batting: RHB Yoriyoshi Yamamoto 0-0: Bunted foul
0-1: Ball
1-1: Sac Bunt - play at third, runner OUT! 5-6
Todd Schenkel to second
Batting: LHB Nick Leonard 0-0: Ball
1-0: Called Strike
1-1: Foul Ball, location: 2F
1-2: Fly out, F9 (Line Drive, 9S)
Top of the 2nd over - 0 run(s), 1 hit(s), 0 error(s), 2 left on base; California 1 - Buckhead 0
BOTTOM OF THE 2ND
Buckhead Bowties batting - Pitching for California Oceanliners : RHP Yoriyoshi Yamamoto
Batting: SHB Juan Sánchez 0-0: Foul Ball, location: 2F
0-1: Called Strike
0-2: Ball
1-2: Foul Ball, location: 2F
1-2: Foul Ball, location: 2F
1-2: Strikes out looking
Batting: RHB Tim Barnes 0-0: Swinging Strike
0-1: Foul Ball, location: 2F
0-2: Strikes out swinging
Batting: RHB Gabriel Rodríguez 0-0: Called Strike
0-1: Ball
1-1: Ball
2-1: Called Strike
2-2: Strikes out looking
Bottom of the 2nd over - 0 run(s), 0 hit(s), 0 error(s), 0 left on base; California 1 - Buckhead 0
TOP OF THE 3RD
California Oceanliners batting - Pitching for Buckhead Bowties : RHP Don Thompson
Batting: LHB Kelly Brown 0-0: Ground out 2-3 (Groundball, 2R)
Batting: RHB Takeru Sanu 0-0: Ball
1-0: Foul Ball, location: 2F
1-1: Foul Ball, location: 2F
1-2: Foul Ball, location: 2F
1-2: Foul Ball, location: 2F
1-2: Fly out, F7 (Flyball, 7S)
Batting: LHB Guillermo Martínez 0-0: Called Strike
0-1: Ball
1-1: Ball
2-1: Ball
3-1: Base on Balls
Batting: LHB Keith Bridges 0-0: Ball
1-0: Called Strike
1-1: Foul Ball, location: 2F
1-2: Fly out, F6 (Line Drive, 6)
Top of the 3rd over - 0 run(s), 0 hit(s), 0 error(s), 1 left on base; California 1 - Buckhead 0
BOTTOM OF THE 3RD
Buckhead Bowties batting - Pitching for California Oceanliners : RHP Yoriyoshi Yamamoto
Batting: RHB Joe Shaw 0-0: Foul Ball, location: 2F
0-1: Ball
1-1: Ball
2-1: Swinging Strike
2-2: Strikes out swinging
Batting: RHB Don Thompson 0-0: Ball
1-0: Ball
2-0: SINGLE (Line Drive, 6MD)
Batting: LHB Neil Lawson 0-0: Called Strike
0-1: Ball
1-1: Foul Ball, location: 2F
1-2: Strikes out looking
Batting: RHB John Downing 0-0: Ball
1-0: Called Strike
1-1: Ball
2-1: Fly out, F8 (Flyball, 8RS)
Bottom of the 3rd over - 0 run(s), 1 hit(s), 0 error(s), 1 left on base; California 1 - Buckhead 0
TOP OF THE 4TH
California Oceanliners batting - Pitching for Buckhead Bowties : RHP Don Thompson
Now in RF: Chin Pak
Batting: RHB Dave King 0-0: Called Strike
0-1: Ball
1-1: Foul Ball, location: 2F
1-2: Ball
2-2: Ball
3-2: Base on Balls
Batting: RHB Louis Henderson 0-0: Ball
1-0: Ball
2-0: Foul Ball, location: 2F
2-1: Foul Ball, location: 2F
2-2: Strikes out looking
Batting: SHB Todd Schenkel 0-0: Called Strike
0-1: Swinging Strike
0-2: Strikes out swinging
Batting: RHB Yoriyoshi Yamamoto 0-0: Ball
1-0: Ball
2-0: Ball
3-0: Base on Balls
Dave King to second
Batting: LHB Nick Leonard 0-0: Fly out, F8 (Flyball, 8LD)
Top of the 4th over - 0 run(s), 0 hit(s), 0 error(s), 2 left on base; California 1 - Buckhead 0
BOTTOM OF THE 4TH
Buckhead Bowties batting - Pitching for California Oceanliners : RHP Yoriyoshi Yamamoto
Batting: LHB Rubén López 0-0: Called Strike
0-1: Ball
1-1: Ground out 4-3 (Groundball, 34)
Batting: LHB Sinclair van Kooten 0-0: Called Strike
0-1: TRIPLE (Flyball, 7LD)
Batting: SHB Juan Sánchez 0-0: Ball
1-0: Swinging Strike
1-1: Ball
2-1: Called Strike
2-2: Foul Ball, location: 2F
2-2: Fly out, F3 (Line Drive, 3S)
Batting: RHB Tim Barnes 0-0: Ball
1-0: Ball
2-0: Ball
3-0: Called Strike
3-1: Fly out, F9 (Flyball, 89XD)
Bottom of the 4th over - 0 run(s), 1 hit(s), 0 error(s), 1 left on base; California 1 - Buckhead 0
TOP OF THE 5TH
California Oceanliners batting - Pitching for Buckhead Bowties : RHP Don Thompson
Batting: LHB Kelly Brown 0-0: Called Strike
0-1: Ball
1-1: Called Strike
1-2: SINGLE (Groundball, 34D)
Batting: RHB Takeru Sanu 0-0: Called Strike
0-1: Foul Ball, location: 2F
0-2: Foul Ball, location: 2F
0-2: Ball
1-2: Foul Ball, location: 2F
1-2: Grounds into double play, 6-4-3 (Groundball, 6)
Batting: LHB Guillermo Martínez 0-0: Ball
1-0: Called Strike
1-1: Ball
2-1: Foul Ball, location: 2F
2-2: Foul Ball, location: 2F
2-2: Ball
3-2: Fly out, F2 (Popup, 2LF)
Top of the 5th over - 0 run(s), 1 hit(s), 0 error(s), 0 left on base; California 1 - Buckhead 0
BOTTOM OF THE 5TH
Buckhead Bowties batting - Pitching for California Oceanliners : RHP Yoriyoshi Yamamoto
Batting: RHB Gabriel Rodríguez 0-0: Fly out, F2 (Popup, 2LF)
Batting: RHB Joe Shaw 0-0: Called Strike
0-1: Swinging Strike
0-2: Foul Ball, location: 2F
0-2: Fly out, F3 (Popup, 3)
Batting: RHB Don Thompson 0-0: Ball
1-0: Ball
2-0: SINGLE (Line Drive, 34)
Batting: LHB Chin Pak 0-0: Swinging Strike
0-1: Ball
1-1: Ball
2-1: Foul Ball, location: 2F
2-2: Fly out, F7 (Flyball, 7D)
Bottom of the 5th over - 0 run(s), 1 hit(s), 0 error(s), 1 left on base; California 1 - Buckhead 0
TOP OF THE 6TH
California Oceanliners batting - Pitching for Buckhead Bowties : RHP Don Thompson
Batting: LHB Keith Bridges 0-0: Called Strike
0-1: Called Strike
0-2: Foul Ball, location: 2F
0-2: Fly out, F5 (Popup, 5DF)
Batting: RHB Dave King 0-0: Ball
1-0: Ball
2-0: SINGLE (Line Drive, 6MD)
Batting: RHB Louis Henderson 0-0: Called Strike
Dave King steals 2nd base
0-1: Ball
1-1: Fly out, F7 (Flyball, 78S)
Batting: SHB Todd Schenkel 0-0: Intentional Walk
Batting: RHB Yoriyoshi Yamamoto 0-0: Called Strike
0-1: Fly out, F8 (Flyball, 8LM)
Top of the 6th over - 0 run(s), 1 hit(s), 0 error(s), 2 left on base; California 1 - Buckhead 0
BOTTOM OF THE 6TH
Buckhead Bowties batting - Pitching for California Oceanliners : RHP Yoriyoshi Yamamoto
Batting: RHB John Downing 0-0: Called Strike
0-1: Ball
1-1: Ball
2-1: DOUBLE (Flyball, 89D)
Batting: LHB Rubén López 0-0: Ball
1-0: SINGLE (Groundball, 3D)
John Downing to third
Batting: LHB Sinclair van Kooten 0-0: Called Strike
0-1: Called Strike
0-2: Ball
Rubén López steals 2nd base
1-2: TRIPLE (Groundball, 3L)
John Downing scores
Rubén López scores
Batting: SHB Juan Sánchez 0-0: Ball
1-0: Foul Ball, location: 2F
1-1: Ball
2-1: Fly out, F7 (Flyball, 7LD)
Runner from 3rd tags up, SCORES, no throw
Batting: RHB Tim Barnes 0-0: Called Strike
0-1: Foul Ball, location: 2F
0-2: Ball
1-2: Ball
2-2: Ball
3-2: Strikes out swinging
Batting: RHB Gabriel Rodríguez 0-0: Ball
1-0: Ball
2-0: Foul Ball, location: 2F
2-1: Ground out 5-3 (Groundball, 56)
Bottom of the 6th over - 3 run(s), 3 hit(s), 0 error(s), 0 left on base; California 1 - Buckhead 3
TOP OF THE 7TH
California Oceanliners batting - Pitching for Buckhead Bowties : RHP Don Thompson
Batting: LHB Nick Leonard 0-0: Ball
1-0: Called Strike
1-1: Ball
2-1: Called Strike
2-2: Ground out 4-3 (Groundball, 4)
Batting: LHB Kelly Brown 0-0: Fly out, F9 (Line Drive, 89M)
Batting: RHB Takeru Sanu 0-0: Called Strike
0-1: Swinging Strike
0-2: Ball
1-2: Strikes out looking
Top of the 7th over - 0 run(s), 0 hit(s), 0 error(s), 0 left on base; California 1 - Buckhead 3
BOTTOM OF THE 7TH
Buckhead Bowties batting - Pitching for California Oceanliners : RHP Yoriyoshi Yamamoto
Batting: RHB Joe Shaw 0-0: Foul Ball, location: 2F
Reached via error on a dropped throw, E1
Pinch Hitting: RHB Iván Vargas 0-0: Foul Ball, location: 2F
0-1: Ball
1-1: Fly out, F9 (Flyball, 9M)
Batting: LHB Chin Pak 0-0: Called Strike
0-1: Foul Ball, location: 2F
0-2: Ball
1-2: Strikes out looking
Batting: RHB John Downing 0-0: Fly out, F8 (Flyball, 8RD)
Bottom of the 7th over - 0 run(s), 0 hit(s), 1 error(s), 1 left on base; California 1 - Buckhead 3
TOP OF THE 8TH
California Oceanliners batting - Pitching for Buckhead Bowties : RHP Don Thompson
Pitching: RHP Mario Peńa
Batting: LHB Guillermo Martínez 0-0: Ball
1-0: Fly out, F4 (Popup, 4MD)
Batting: LHB Keith Bridges 0-0: Ball
1-0: Foul Ball, location: 2F
1-1: Swinging Strike
1-2: Ball
2-2: SINGLE (Groundball, 5D)
Batting: RHB Dave King 0-0: Fly out, F4 (Line Drive, 4)
Batting: RHB Louis Henderson 0-0: SINGLE (Line Drive, 5D)
Keith Bridges to second
Batting: SHB Todd Schenkel 0-0: Ball
1-0: Called Strike
1-1: Swinging Strike
1-2: SINGLE (Flyball, 8LS)
Keith Bridges to third
Louis Henderson to second
Pinch Hitting: RHB Mike Lewis 0-0: Called Strike
0-1: Swinging Strike
0-2: Strikes out looking
Top of the 8th over - 0 run(s), 3 hit(s), 0 error(s), 3 left on base; California 1 - Buckhead 3
BOTTOM OF THE 8TH
Buckhead Bowties batting - Pitching for California Oceanliners : RHP Yoriyoshi Yamamoto
Pitching: RHP Ole Kos
Batting: LHB Rubén López 0-0: Swinging Strike
0-1: Swinging Strike
0-2: Strikes out swinging
Batting: LHB Sinclair van Kooten 0-0: Ball
1-0: Swinging Strike
1-1: Called Strike
1-2: Ball
2-2: Strikes out looking
Batting: SHB Juan Sánchez 0-0: Swinging Strike
0-1: Swinging Strike
0-2: Ball
1-2: Strikes out swinging
Bottom of the 8th over - 0 run(s), 0 hit(s), 0 error(s), 0 left on base; California 1 - Buckhead 3
TOP OF THE 9TH
California Oceanliners batting - Pitching for Buckhead Bowties : RHP Mario Peńa
Batting: LHB Nick Leonard 0-0: Ball
1-0: Ball
2-0: Ball
3-0: Base on Balls
Batting: LHB Kelly Brown 0-0: Swinging Strike
0-1: Ball
1-1: Foul Ball, location: 2F
1-2: Strikes out swinging
Batting: RHB Takeru Sanu 0-0: Ball
1-0: Ball
2-0: Foul Ball, location: 2F
2-1: Ball
3-1: Base on Balls
Nick Leonard to second
Batting: LHB Guillermo Martínez 0-0: Ball
1-0: Called Strike
1-1: 3-RUN HOME RUN (Flyball, 9LD), Distance : 348 ft
Pitching: LHP Kevin Woods
Batting: LHB Keith Bridges 0-0: Ball
1-0: Ground out 5-3 (Groundball, 56)
Batting: RHB Dave King 0-0: Ground out 4-3 (Groundball, 4)
Top of the 9th over - 3 run(s), 1 hit(s), 0 error(s), 0 left on base; California 4 - Buckhead 3
BOTTOM OF THE 9TH
Buckhead Bowties batting - Pitching for California Oceanliners : RHP Ole Kos
Pitching: RHP Ted Locke
Now at C: Gerald Ambler
Batting: RHB Tim Barnes 0-0: Ball
1-0: Ground out 4-3 (Groundball, 4M)
Batting: RHB Gabriel Rodríguez 0-0: Called Strike
0-1: Swinging Strike
0-2: Ball
1-2: Strikes out swinging
Batting: RHB Joe Shaw 0-0: Ball
1-0: Swinging Strike
1-1: Swinging Strike
1-2: Ball
2-2: Strikes out looking
Bottom of the 9th over - 0 run(s), 0 hit(s), 0 error(s), 0 left on base; California 4 - Buckhead 3
This league is powered by Out of the Park Baseball, the baseball management simulation game for PC, Mac and Linux
Monday, May 4th, 2015 - OOTP Baseball 15.6 Build 34